 Dungeon Crawl Stone Soup version 0.21-a0-349-g0c35859 (webtiles) character file.

19394 HAL9000 the Grappler (level 12, 0/106 HPs)
             Began as a Black Draconian Transmuter on Oct 7, 2017.
             Was an Elder of Kikubaaqudgha.
             Slain by a jumping spider (9 damage)
             ... on level 2 of the Lair of Beasts.
             The game lasted 00:46:16 (15741 turns).

HAL9000 the Grappler (Black Draconian Transmuter)  Turns: 15741, Time: 00:46:17

Health: 0/106      AC: 11    Str: 18    XL:     12   Next: 36%
Magic:  18/20      EV: 12    Int: 16    God:    Kikubaaqudgha [****..]
Gold:   480        SH:  2    Dex: 13    Spells: 3/22 levels left

rFire    . . .     SeeInvis .     - Unarmed
rCold    . . .     Gourm    .   (shield currently unavailable)
rNeg     . . .     Faith    .   (armour unavailable)
rPois    .         Spirit   .   K - +2 hat
rElec    +         Reflect  +   S - scarf {repulsion}
rCorr    .         Harm     .   (gloves currently unavailable)
MR       .....                  W - +0 pair of boots
Stlth    +.........             p - +2 amulet of reflection
HPRegen  0.27/turn              I - +4 ring of strength
MPRegen  0.17/turn              m - ring of wizardry

@: blade hands (expiring), repel missiles
A: breathe lightning, unfitting armour, electricity resistance, cold-blooded, AC
+8
a: Breathe Lightning, End Transformation, Receive Corpses, Renounce Religion


You were on level 2 of the Lair of Beasts.
You worshipped Kikubaaqudgha.
Kikubaaqudgha was greatly pleased with you.
You were hungry.
You had blades for hands.
You visited 3 branches of the dungeon, and saw 14 of its levels.

You collected 758 gold pieces.
You spent 278 gold pieces at shops.

Inventory:

Missiles
 a - 69 arrows
 b - 2 javelins of penetration
 l - 2 javelins (quivered)
Armour
 e - a +0 pair of gloves (melded)
 s - a +0 buckler (melded)
 K - a +2 hat (worn)
 S - a scarf of repulsion (worn)
 W - a +0 pair of boots (worn)
Jewellery
 m - a ring of wizardry (right scythe-like blade)
 p - a +2 amulet of reflection (around neck)
 I - a +4 ring of strength (left scythe-like blade)
Wands
 t - a wand of random effects (7/48)
 A - a wand of paralysis (17/24)
 F - a wand of iceblast (4/15)
 L - a wand of scattershot (5/9)
 N - a wand of paralysis (16/24)
 P - a wand of polymorph (17/24)
 R - a wand of iceblast (8/15)
 Z - a wand of flame (23/48)
Scrolls
 f - a scroll of blinking {unknown}
 i - 7 scrolls of teleportation
 n - a scroll of acquirement {unknown}
 o - a scroll of fear
 u - a scroll of enchant armour {unknown}
 w - 4 scrolls of remove curse
 z - a scroll of amnesia {unknown}
 G - 2 scrolls of recharging
 J - a scroll of enchant weapon {unknown}
 T - a scroll of identify
 X - a scroll of random uselessness {unknown}
Potions
 d - a potion of resistance {unknown}
 q - a potion of magic
 r - 3 potions of brilliance
 x - 7 potions of heal wounds
 B - 7 potions of curing
 H - 3 potions of haste
 M - 2 potions of might {unknown}
 Y - 3 potions of flight
Books
 g - Kikubaaqudgha's Compendium of Stolen Souls {god gift}
   (Kikubaaqudgha gifted it to you on level 1 of the Lair of Beasts)

   Spells                             Type                      Level
   a - Animate Dead                   Necromancy                   4
   b - Excruciating Wounds            Charms/Necromancy            5
   c - Bolt of Draining               Conjuration/Necromancy       5
   d - Agony                          Necromancy                   5
   e - Dispel Undead                  Necromancy                   5
 U - Kikubaaqudgha's Disquisition on Dark Arts {god gift}
   (Kikubaaqudgha gifted it to you on level 6 of the Dungeon)

   Spells                             Type                      Level
   a - Pain                           Necromancy                   1
   b - Corpse Rot                     Necromancy                   2
   c - Sublimation of Blood           Necromancy                   2
   d - Vampiric Draining              Necromancy                   3
   e - Control Undead                 Necromancy                   4
Miscellaneous
 D - a fan of gales
Comestibles
 v - 3 fruits
 Q - 6 meat rations
 V - 11 royal jellies


   Skills:
 - Level 10.0 Fighting
 - Level 1.7 Dodging
 - Level 4.8 Shields
 - Level 11.1 Unarmed Combat
 + Level 5.7 Spellcasting
 * Level 7.9 Necromancy
 - Level 10.6 Transmutations


You had 3 spell levels left.
You knew the following spells:

 Your Spells              Type           Power        Failure   Level  Hunger
a - Beastly Appendage     Tmut           #####.       3%          1    None
b - Sticks to Snakes      Tmut           #####...     4%          2    #......
c - Spider Form           Tmut/Pois      ###.......   13%         3    ##.....
d - Blade Hands           Tmut           #####.....   13%         5    ######.
e - Blink                 Tloc           N/A          32%         2    #......
f - Animate Dead          Necr           N/A          14%         4    ####...
g - Corpse Rot            Necr           N/A          6%          2    #......


Dungeon Overview and Level Annotations

Branches:
Dungeon (11/15)            Temple (1/1) D:5            Lair (2/6) D:9
 Shoals (0/4) Lair:2       Spider (0/4) Lair:2          Orc (0/2) D:9

Altars:
Ashenzari
Cheibriados
Dithmenos
Elyvilon
Fedhas
Gozag
Hepliaklqana
Kikubaaqudgha
Makhleb
Nemelex Xobeh
Okawaru
Qazlal
Ru
Sif Muna
Trog
Uskayaw
Vehumet
Wu Jian
Xom
Yredelemnul
Zin
The Shining One

Shops:
D:7 !   D:8 }   D:10 (%[


Innate Abilities, Weirdness & Mutations

You can breathe wild blasts of lightning.
Your glossy black scales are hard. (AC +8)
You cannot fit into any form of body armour.
You are resistant to electric shocks. (rElec)
You are cold-blooded and may be slowed by cold attacks.


Message History

The jumping spider pounces on you! The jumping spider misses you.
You slice the jumping spider!!
The jumping spider is severely wounded.
The jumping spider pounces on you!
* * * LOW HITPOINT WARNING * * *
The jumping spider bites you.
* * * LOW HITPOINT WARNING * * *
You slash the jumping spider!
You kill the jumping spider!
Kikubaaqudgha accepts your kill.
The jumping spider leaps!
Your transformation is almost over.
The jumping spider pounces on you!
* * * LOW HITPOINT WARNING * * *
The jumping spider barely misses you.
You slice the jumping spider!!
The jumping spider is severely wounded.
The jumping spider pounces on you!
You die...
Kikubaaqudgha rasps: "You have failed me!
Welcome... death!"

##.................
#.........#P....#..
##......#)##.##.#..
#.......###.##....
##..#.#### #..#....
#...#.# #..#....
##..###..> #.......
#...# ^... #.P#....
#.@.#.^^^.##.##....
##s.##.s..##........
##...#.§^^.#.........
#P.###..^# ########.P
##.##^^.# ### #...†.#
#.....# #.....#
##.####


You could see a jumping spider.

Vanquished Creatures
  Erica (D:10)
  A queen ant (Lair:2)
  3 death yaks
  Pikel (D:8)
  An ugly thing (D:7)
  A black mamba (Lair:2)
  Psyche (D:8)
  A merfolk siren (Lair:2)
  2 spiny frogs (Lair:2)
  A komodo dragon (Lair:2)
  3 merfolk (Lair:2)
  4 jumping spiders (Lair:2)
  Grinder (D:4)
  6 blink frogs
  4 hippogriffs
  A wyvern (D:10)
  A human (D:8)
  A vampire (D:9)
  4 hogs (D:8)
  A hungry ghost (D:9)
  An acid dragon (D:10)
  The ghost of p0werm0de the Sneak, an amateur OpEn (D:4)
  Duvessa (D:5)
  9 soldier ants (Lair:2)
  4 water moccasins
  2 porcupines
  4 sky beasts
  2 slaves (D:8)
  4 orc warriors
  2 ice beasts
  2 black bears
  2 phantoms
  7 ogres
  5 wolves (Lair:2)
  2 centaurs (D:5)
  7 crocodiles
  2 big kobolds
  12 bullfrogs
  4 scorpions
  Dowan (D:5)
  6 killer bees (D:7)
  A wyvern skeleton (D:8)
  2 howler monkeys
  2 crimson imps
  2 centaur zombies
  The ghost of nono the Ducker, a weakling FeMo (D:3)
  A quasit (D:7)
  3 hounds
  5 jellies
  3 centaur skeletons
  4 orc priests
  28 worker ants
  3 iguanas
  8 orc wizards
  A hound zombie (D:7)
  A worker ant zombie (D:6)
  3 gnolls (D:6)
  3 adders
  A howler monkey skeleton (D:10)
  3 shadow imps
  An ooze (D:3)
  2 adder skeletons
  3 worms
  3 dart slugs
  5 leopard geckos
  34 orcs
  5 giant cockroaches
  7 hobgoblins
  5 jackals
  6 quokkas
  4 ball pythons
  6 bats
  2 frilled lizards (D:3)
  12 goblins
  24 kobolds
  10 rats
  A fungus (Lair:1)
324 creatures vanquished.

Vanquished Creatures (collateral kills)
  A hydra (Lair:2)
  A two-headed ogre (D:4)
  Robin (D:2)
  3 goblins (D:2)
  4 hobgoblins (D:2)
  2 jackals (D:2)
12 creatures vanquished.

Vanquished Creatures (others)
  A slave (D:8)
  A black bear (D:8)
  5 fungi (Lair:2)
  4 plants (Lair:2)
11 creatures vanquished.

Grand Total: 347 creatures vanquished

Notes
Turn   | Place    | Note
-------+----------+-------------------------------------------
     0 | D:1      | HAL9000 the Draconian Transmuter began the quest for the Orb.
     0 | D:1      | Reached XP level 1. HP: 16/16 MP: 3/3
   559 | D:1      | Reached XP level 2. HP: 23/23 MP: 3/5
   568 | D:1      | Learned a level 2 spell: Sticks to Snakes
  1019 | D:1      | Reached XP level 3. HP: 24/28 MP: 4/6
  1497 | D:2      | Noticed Robin
  1740 | D:2      | Killed Robin
  1740 | D:2      | Reached skill level 4 in Unarmed Combat
  1858 | D:2      | Found a shattered altar of Ashenzari.
  1888 | D:2      | Reached XP level 4. HP: 35/35 MP: 5/7
  2081 | D:2      | Learned a level 3 spell: Spider Form
  2255 | D:3      | Noticed nono's ghost (weakling FeMo)
  2270 | D:3      | Killed nono's ghost
  2270 | D:3      | Reached skill level 1 in Shields
  2457 | D:3      | Noticed a bullfrog
  2468 | D:3      | Killed a bullfrog
  2468 | D:3      | Reached XP level 5. HP: 31/40 MP: 2/8
  2956 | D:4      | Reached XP level 6. HP: 37/47 MP: 1/9
  3024 | D:4      | Noticed Grinder
  3036 | D:4      | Paralysed by Grinder for 7 turns
  3416 | D:4      | Reached skill level 5 in Unarmed Combat
  3727 | D:4      | Noticed p0werm0de's ghost (amateur OpEn)
  3742 | D:4      | Killed p0werm0de's ghost
  3763 | D:4      | Found a sparkling altar of Nemelex Xobeh.
  3765 | D:4      | Found a stormy altar of Qazlal.
  3765 | D:4      | Found a deep blue altar of Sif Muna.
  3870 | D:4      | Your scales start taking on a glossy black colour.
  3870 | D:4      | Reached XP level 7. HP: 12/52 MP: 7/10
  3870 | D:4      | Gained mutation: You are resistant to electric shocks. (rElec) [Black Draconian growth]
  4204 | D:4      | Paralysed by Grinder for 2 turns
  4209 | D:4      | Killed Grinder
  4209 | D:4      | Reached skill level 5 in Transmutations
  4501 | D:4      | Noticed a two-headed ogre
  4514 | D:4      | Killed a two-headed ogre
  4514 | D:4      | Reached skill level 6 in Unarmed Combat
  4514 | D:4      | Reached XP level 8. HP: 38/59 MP: 2/11
  4870 | D:5      | Entered Level 5 of the Dungeon
  5452 | D:5      | Learned a level 5 spell: Blade Hands
  5596 | D:5      | Reached skill level 7 in Unarmed Combat
  5848 | D:5      | Found a staircase to the Ecumenical Temple.
  5862 | Temple   | Entered the Ecumenical Temple
  6028 | Temple   | Became a worshipper of Kikubaaqudgha
  6217 | D:5      | Reached XP level 9. HP: 49/71 MP: 8/12
  6387 | D:5      | Noticed Duvessa
  6387 | D:5      | Noticed Dowan
  6394 | D:5      | Killed Dowan
  6399 | D:5      | Killed Duvessa
  6737 | D:6      | Reached skill level 8 in Unarmed Combat
  6832 | D:6      | Reached skill level 5 in Fighting
  7377 | D:6      | Reached * piety under Kikubaaqudgha
  7377 | D:6      | Identified Kikubaaqudgha's Disquisition on Dark Arts {god gift} (Kikubaaqudgha gifted it to you on level 6 of the Dungeon)
  7377 | D:6      | Received a gift from Kikubaaqudgha
  7663 | D:6      | Found a stormy altar of Qazlal.
  8122 | D:7      | Reached skill level 9 in Unarmed Combat
  8129 | D:7      | Noticed a purple ugly thing
  8138 | D:7      | Killed a purple ugly thing
  8138 | D:7      | Reached XP level 10. HP: 59/84 MP: 7/13
  8255 | D:7      | Found Serozyikh's Distillery.
  8260 | D:7      | Bought a potion of heal wounds for 70 gold pieces
  8345 | D:7      | Found a hide-covered altar of Uskayaw.
  8367 | D:7      | Found an ornate altar of the Wu Jian Council.
  8971 | D:8      | Got a fine demon whip
  8973 | D:8      | Identified the +6 demon whip of Gallantry {drain, *Drain rC+ rN++ Dex+4} (You found it on level 8 of the Dungeon)
  8987 | D:8      | Found Ehostrayl's Gadget Boutique.
  8996 | D:8      | You fall through a shaft for 2 floors!
  8996 | D:10     | Entered Level 10 of the Dungeon
  8996 | D:10     | Found Biomie's Food Emporium.
  9154 | D:10     | Noticed Erica
  9165 | D:10     | Killed Erica
  9499 | D:9      | Found a staircase to the Orcish Mines.
  9589 | D:8      | Noticed Pikel
  9601 | D:8      | Killed Pikel
  9601 | D:8      | Reached skill level 10 in Unarmed Combat
  9824 | D:8      | Reached ** piety under Kikubaaqudgha
  9828 | D:8      | Reached skill level 10 in Transmutations
  9997 | D:8      | Noticed Psyche
 10007 | D:8      | Killed Psyche
 10007 | D:8      | Reached XP level 11. HP: 69/95 MP: 8/14
 10500 | D:9      | Found a staircase to the Lair.
 10500 | D:9      | Noticed a death yak
 10503 | D:9      | Noticed a death yak
 10503 | D:9      | Noticed a death yak
 10542 | D:9      | Killed a death yak
 10742 | D:8      | Killed a death yak
 11097 | D:9      | Killed a death yak
 11794 | D:10     | Found Ucrasi's Antique Weapon Emporium.
 12174 | D:10     | Found Igemut's Armour Shoppe.
 12177 | D:10     | Bought a +2 hat for 208 gold pieces
 12239 | D:10     | Reached skill level 1 in Necromancy
 12247 | D:10     | Learned a level 2 spell: Blink
 12495 | D:11     | Noticed a red ugly thing
 12560 | Lair:1   | Entered Level 1 of the Lair of Beasts
 12610 | Lair:1   | Reached *** piety under Kikubaaqudgha
 12610 | Lair:1   | Identified Kikubaaqudgha's Compendium of Stolen Souls {god gift} (Kikubaaqudgha gifted it to you on level 1 of the Lair of Beasts)
 12610 | Lair:1   | Received a gift from Kikubaaqudgha
 12613 | Lair:1   | Reached skill level 11 in Unarmed Combat
 13294 | Lair:2   | Reached skill level 10 in Fighting
 13994 | Lair:2   | Reached skill level 5 in Necromancy
 14034 | Lair:2   | Noticed a queen ant
 14037 | Lair:2   | Reached **** piety under Kikubaaqudgha
 14060 | Lair:2   | Killed a queen ant
 14060 | Lair:2   | Reached XP level 12. HP: 32/106 MP: 8/19
 14534 | Lair:2   | Reached skill level 5 in Spellcasting
 14553 | Lair:2   | Learned a level 4 spell: Animate Dead
 14556 | Lair:2   | Learned a level 2 spell: Corpse Rot
 15217 | Lair:2   | Found a staircase to the Shoals.
 15385 | Lair:2   | Noticed an eight-headed hydra
 15398 | Lair:2   | Killed an eight-headed hydra
 15722 | Lair:2   | Found a hole to the Spider Nest.
 15741 | Lair:2   | Slain by a jumping spider

Vault maps used:
D:1:      lightli_arrival_maybe_door_vault
D:2:      nicolae_ashenzari_panopticon, uniq_robin
D:4:      grunt_temple_overflow_diamond, first_bread, uniq_grinder
D:5:      minmay_temple_entry_butterflies, guppyfry_early_lair_pool,
          uniq_duvessa
D:6:      nicolae_qazlal_style_of_elements
D:7:      minitemple, serial_shops, shop
D:8:      serial_shops, shop, grunt_livestock, uniq_psyche, uniq_pikel
D:9:      dpeg_lair_monsters
D:10:     serial_shops, kennysheep_mini, shop, shop, minmay_misc_feat_five,
          grunt_decor_mini_mirrors, uniq_erica
D:11:     lab_entry_generic, enter_trove_5
Temple:   nicolae_temple_elliptical
Lair:2:   elwin_shoals_entry_stream, spider_nest_entry_funnel_web, minivault_25,
          zaba_antful_of_joy, serial_bayou_shore_b

Skill      XL: |  1  2  3  4  5  6  7  8  9 10 11 12 |
---------------+-------------------------------------+-----
Transmutations | 3 4 6 7 8 10 | 10.6
Unarmed Combat | 4 5 6 7 9 10 11 | 11.1
Shields        | 1 2 3 4 |  4.8
Fighting       | 4 6 8 10 | 10.0
Necromancy     | 5 7 |  7.9
Spellcasting   | 4 5 |  5.7
Dodging        | |  1.7

Action                   |  1- 3 |  4- 6 |  7- 9 | 10-12 || total
-------------------------+-------+-------+-------+-------++-------
Melee: Unarmed           |   144 |   151 |   282 |   507 ||  1084
       Headbutt          |    10 |       |       |       ||    10
       Tailslap          |    17 |    10 |    32 |    72 ||   131
       Kick              |     2 |     3 |       |       ||     5
       Punch             |     2 |       |     1 |    10 ||    13
       Demon whip        |       |       |       |     7 ||     7
Throw: Tomahawk          |       |     2 |       |       ||     2
 Cast: Beastly Appendage |    24 |     2 |       |       ||    26
       Sticks to Snakes  |     5 |     7 |     9 |    14 ||    35
       Spider Form       |       |     9 |     7 |     1 ||    17
       Blade Hands       |       |       |     9 |    40 ||    49
       Animate Dead      |       |       |       |     1 ||     1
 Abil: End Transformatio |       |     4 |     9 |    22 ||    35
       Breathe Lightning |       |       |     2 |     2 ||     4
Evoke: Wand              |       |       |     1 |       ||     1
  Use: Potion            |     4 |       |     1 |       ||     5
       Scroll            |       |     4 |     3 |     6 ||    13
 Stab: Sleeping          |     1 |       |       |     2 ||     3
       Invisible         |     1 |       |       |       ||     1
       Distracted        |       |       |       |     1 ||     1
  Eat: Chunk             |     4 |     8 |    11 |    32 ||    55
       Royal jelly       |       |       |     1 |     1 ||     2
       Fruit             |       |       |     1 |    11 ||    12
       Bread ration      |       |       |     1 |       ||     1
Armor: Skin              |    58 |    19 |    64 |   137 ||   278
Dodge: Dodged            |   113 |   102 |   136 |   242 ||   593
       Deflected         |       |       |       |     8 ||     8
Block: Other             |     4 |     2 |     4 |    19 ||    29
       Buckler           |     1 |    25 |    42 |    76 ||   144
       Reflection        |       |     2 |     1 |     3 ||     6

Table legend:
 A = Spawn XP
 B = Non-spawn XP
 C = Spawn XP percentage of total XP
 D = Spawn monster count
 E = Non-spawn monster count
 F = Spawn count percentage of total count
 G = Total turns spent on level
                    A         B        C        D         E        F      G
               +---------+---------+-------+---------+---------+-------+---------
         Total |       0 |   27707 |   0.0 |       0 |     333 |   0.0 | 15741
               +---------+---------+-------+---------+---------+-------+---------
           D:1 |       0 |      52 |   0.0 |       0 |      28 |   0.0 |  1369
           D:2 |       0 |      73 |   0.0 |       0 |      31 |   0.0 |   826
           D:3 |       0 |     198 |   0.0 |       0 |      23 |   0.0 |  1238
           D:4 |       0 |    1388 |   0.0 |       0 |      17 |   0.0 |  1807
           D:5 |       0 |    1554 |   0.0 |       0 |      30 |   0.0 |  1301
           D:6 |       0 |    1189 |   0.0 |       0 |      27 |   0.0 |  1034
           D:7 |       0 |    1719 |   0.0 |       0 |      23 |   0.0 |  1044
           D:8 |       0 |    3973 |   0.0 |       0 |      30 |   0.0 |  1639
           D:9 |       0 |    2389 |   0.0 |       0 |      13 |   0.0 |   905
          D:10 |       0 |    2247 |   0.0 |       0 |      25 |   0.0 |  1193
          D:11 |       0 |      15 |   0.0 |       0 |       9 |   0.0 |    14
        Lair:1 |       0 |    1866 |   0.0 |       0 |      13 |   0.0 |   911
        Lair:2 |       0 |   11044 |   0.0 |       0 |      64 |   0.0 |  2270
               +---------+---------+-------+---------+---------+-------+---------
